WIN
SEATTLE (WIN) MARINERS @ NEW YORK (WIN) METS
11/30/2045
 
TOP OF THE 1ST
Seattle (WIN) Mariners batting - Pitching for New York (WIN) Mets : RHP Andy Reinhardt
Pitching: RHP Andy Reinhardt
Batting: LHB Jerrod Cluck 0-0: SINGLE (Line Drive, 78S, EV 86.9 MPH)
Batting: LHB Jawad Fahad 0-0: Called Strike
0-1: Ball
1-1: Ball
2-1: Swinging Strike
2-2: Strikes out swinging
Batting: RHB Harutomi Matsubara 0-0: Called Strike
0-1: Foul Ball, location: 2F
0-2: Ball
1-2: Fly out, F8 (Flyball, 78M, EV 80.0 MPH)
Batting: LHB Ryan Lowe 0-0: Ball
1-0: Foul Ball, location: 2F
1-1: DOUBLE (Flyball, 8LD, EV 100.0 MPH)
Jerrod Cluck to third
Runner from 3rd tries for Home, throw by CF and OUT! 8-6-2
Top of the 1st over - 0 runs, 2 hits, 0 errors, 1 left on base; Seattle (WIN) 0 - New York (WIN) 0
BOTTOM OF THE 1ST
New York (WIN) Mets batting - Pitching for Seattle (WIN) Mariners : RHP Tom Graham
Pitching: RHP Tom Graham
Batting: LHB Jose Chavez 0-0: Swinging Strike
0-1: Ball
1-1: Foul Ball, location: 2F
1-2: Strikes out looking
Batting: RHB Josh Jones 0-0: SINGLE (Groundball, 5S, EV 67.5 MPH) (infield hit)
Batting: RHB David Stayton 0-0: Called Strike
Josh Jones steals 2nd base
0-1: Swinging Strike
0-2: Ball
1-2: Strikes out swinging
Batting: SHB David Anzaldua 0-0: Ground out 4-3 (Groundball, 34D, EV 109.4 MPH)
Bottom of the 1st over - 0 runs, 1 hit, 0 errors, 1 left on base; Seattle (WIN) 0 - New York (WIN) 0
TOP OF THE 2ND
Seattle (WIN) Mariners batting - Pitching for New York (WIN) Mets : RHP Andy Reinhardt
Batting: RHB Tony Vargas 0-0: Ball
1-0: Called Strike
1-1: Foul Ball, location: 2F
1-2: Foul Ball, location: 2F
1-2: Ball
2-2: Ball
3-2: Fly out, F9 (Flyball, 9D, EV 103.8 MPH)
Batting: LHB Caleb Domino 0-0: Foul Ball, location: 2F
0-1: Ball
1-1: Ball
2-1: Foul Ball, location: 2F
2-2: Strikes out swinging
Batting: RHB Malik Brookshire 0-0: Ball
1-0: Called Strike
1-1: Foul Ball, location: 2F
1-2: Foul Ball, location: 2F
1-2: Ball
2-2: Fly out, F8 (Flyball, 8RD, EV 100.6 MPH)
Top of the 2nd over - 0 runs, 0 hits, 0 errors, 0 left on base; Seattle (WIN) 0 - New York (WIN) 0
BOTTOM OF THE 2ND
New York (WIN) Mets batting - Pitching for Seattle (WIN) Mariners : RHP Tom Graham
Batting: LHB Elmo Dreier 0-0: SINGLE (Groundball, 34D, EV 100.0 MPH) (infield hit)
Batting: LHB Robbie Beerbower 0-0: Ball
1-0: Called Strike
1-1: SINGLE (Line Drive, 9S, EV 103.1 MPH)
Elmo Dreier to second
Batting: RHB Hugo Valentin 0-0: Fly out, F7 (Flyball, 7S, EV 91.2 MPH)
Batting: LHB Ryan Price 0-0: DOUBLE (Flyball, 7LD, EV 91.9 MPH)
Elmo Dreier scores
Robbie Beerbower to third
Batting: LHB Jonathan Gendron 0-0: Called Strike
0-1: Swinging Strike
0-2: Strikes out swinging
Batting: LHB Jose Chavez 0-0: Fly out, F7 (Flyball, 7, EV 80.6 MPH)
Bottom of the 2nd over - 1 run, 3 hits, 0 errors, 2 left on base; Seattle (WIN) 0 - New York (WIN) 1
TOP OF THE 3RD
Seattle (WIN) Mariners batting - Pitching for New York (WIN) Mets : RHP Andy Reinhardt
Batting: RHB Rick Ellis 0-0: Called Strike
0-1: Foul Ball, location: 2F
0-2: Ball
1-2: Ball
2-2: Fly out, F4 (Popup, 4, EV 59.4 MPH)
Batting: RHB Joe Stading 0-0: Ball
1-0: Called Strike
1-1: Ball
2-1: Ball
3-1: DOUBLE (Groundball, 3L, EV 100.0 MPH)
Batting: LHB Jerrod Cluck 0-0: Ball
1-0: Foul Ball, location: 2F
1-1: Foul Ball, location: 2F
1-2: Foul Ball, location: 2F
1-2: Ball
2-2: SINGLE (Groundball, 6M, EV 98.1 MPH) (infield hit)
Joe Stading to third
Batting: LHB Jawad Fahad 0-0: Ball
1-0: Called Strike
1-1: Ball
2-1: Ball
Passed Ball!
Joe Stading scores
Jerrod Cluck to second
3-1: Ground out 1-3 (Groundball, 25, EV 71.2 MPH)
Batting: RHB Harutomi Matsubara 0-0: Ball
1-0: Ball
2-0: Ball
3-0: Called Strike
3-1: Base on Balls
Batting: LHB Ryan Lowe 0-0: Ball
1-0: Ball
2-0: Ball
3-0: Called Strike
3-1: Foul Ball, location: 2F
3-2: Foul Ball, location: 2F
3-2: Base on Balls
Jerrod Cluck to third
Harutomi Matsubara to second
Batting: RHB Tony Vargas 0-0: Ball
1-0: Called Strike
1-1: Ball
2-1: Ball
3-1: Base on Balls
Jerrod Cluck scores
Harutomi Matsubara to third
Ryan Lowe to second
Batting: LHB Caleb Domino 0-0: Ball
1-0: SINGLE (Flyball, 34D, EV 91.2 MPH)
Harutomi Matsubara scores
Ryan Lowe to third
Tony Vargas to second
Batting: RHB Malik Brookshire 0-0: Ball
1-0: Foul Ball, location: 2F
1-1: Foul Ball, location: 2F
1-2: Foul Ball, location: 2F
1-2: Foul Ball, location: 2F
1-2: Fielders Choice at 2nd, 6-4 (Groundball, 56, EV 100.6 MPH)
Top of the 3rd over - 3 runs, 3 hits, 0 errors, 3 left on base; Seattle (WIN) 3 - New York (WIN) 1
BOTTOM OF THE 3RD
New York (WIN) Mets batting - Pitching for Seattle (WIN) Mariners : RHP Tom Graham
Batting: RHB Josh Jones 0-0: SINGLE (Line Drive, 78M, EV 105.0 MPH)
Batting: RHB David Stayton 0-0: Ball
Josh Jones steals 2nd base
1-0: Ball
2-0: Ground out 5-3 (Groundball, 56S, EV 78.1 MPH)
Batting: SHB David Anzaldua 0-0: Called Strike
0-1: Ball
1-1: Ball
2-1: Swinging Strike
2-2: Ball
3-2: SINGLE (Groundball, 56D, EV 103.8 MPH)
Josh Jones to third
Runner from 3rd tries for Home, throw by LF and OUT! 7-2
David Anzaldua to second
Batting: LHB Elmo Dreier 0-0: Ball
1-0: Ball
2-0: Called Strike
2-1: Ground out U3 (Groundball, 3S, EV 68.8 MPH)
Bottom of the 3rd over - 0 runs, 2 hits, 0 errors, 1 left on base; Seattle (WIN) 3 - New York (WIN) 1
TOP OF THE 4TH
Seattle (WIN) Mariners batting - Pitching for New York (WIN) Mets : RHP Andy Reinhardt
Batting: RHB Rick Ellis 0-0: Ball
1-0: Foul Ball, location: 2F
1-1: Swinging Strike
1-2: Strikes out swinging
Batting: RHB Joe Stading 0-0: Ball
1-0: Foul Ball, location: 2F
1-1: Ground out U3 (Groundball, 3, EV 84.4 MPH)
Batting: LHB Jerrod Cluck 0-0: SINGLE (Line Drive, 7S, EV 106.9 MPH)
Batting: LHB Jawad Fahad 0-0: Swinging Strike
0-1: Fly out, F6 (Line Drive, 6, EV 72.5 MPH)
Top of the 4th over - 0 runs, 1 hit, 0 errors, 1 left on base; Seattle (WIN) 3 - New York (WIN) 1
BOTTOM OF THE 4TH
New York (WIN) Mets batting - Pitching for Seattle (WIN) Mariners : RHP Tom Graham
Batting: LHB Robbie Beerbower 0-0: Called Strike
0-1: Called Strike
0-2: SINGLE (Groundball, 34D, EV 98.8 MPH)
Batting: RHB Hugo Valentin 0-0: Called Strike
0-1: Grounds into double play, 4-6-3 (Groundball, 4M, EV 96.2 MPH)
Batting: LHB Ryan Price 0-0: Called Strike
0-1: Ball
1-1: Called Strike
1-2: Foul Ball, location: 2F
1-2: Strikes out swinging
Bottom of the 4th over - 0 runs, 1 hit, 0 errors, 0 left on base; Seattle (WIN) 3 - New York (WIN) 1
TOP OF THE 5TH
Seattle (WIN) Mariners batting - Pitching for New York (WIN) Mets : RHP Andy Reinhardt
Batting: RHB Harutomi Matsubara 0-0: Foul Ball, location: 2F
0-1: Ball
1-1: Ball
2-1: Foul Ball, location: 2F
2-2: SOLO HOME RUN (Flyball, 78XD, EV 101.2 MPH), Distance : 407 ft
Batting: LHB Ryan Lowe 0-0: Ball
1-0: DOUBLE (Line Drive, 7LS, EV 100.0 MPH)
Batting: RHB Tony Vargas 0-0: Ball
1-0: Fly out, F8 (Flyball, 8RD, EV 98.1 MPH)
Batting: LHB Caleb Domino 0-0: Ball
1-0: Ball
2-0: Ball
3-0: Base on Balls
Batting: RHB Malik Brookshire 0-0: Called Strike
0-1: Ball
1-1: Ball
2-1: Called Strike
2-2: Foul Ball, location: 2F
2-2: Fly out, F8 (Flyball, 89D, EV 101.2 MPH)
Runner from 2nd tags up, SAFE at 3rd with throw by CF
Pitching: RHP Battista Aldobrandini
Batting: RHB Rick Ellis 0-0: Foul Ball, location: 2F
0-1: Fly out, F8 (Flyball, 89M, EV 96.2 MPH)
Top of the 5th over - 1 run, 2 hits, 0 errors, 2 left on base; Seattle (WIN) 4 - New York (WIN) 1
BOTTOM OF THE 5TH
New York (WIN) Mets batting - Pitching for Seattle (WIN) Mariners : RHP Tom Graham
Batting: LHB Jonathan Gendron 0-0: Ball
1-0: Ball
2-0: Called Strike
2-1: Ground out 5-3 (Groundball, 56S, EV 83.8 MPH)
Batting: LHB Jose Chavez 0-0: Called Strike
0-1: Swinging Strike
0-2: Ball
1-2: SINGLE (Flyball, 5D, EV 86.9 MPH)
Batting: RHB Josh Jones 0-0: Fly out, F8 (Line Drive, 8LD, EV 99.4 MPH)
Batting: RHB David Stayton 0-0: Ball
1-0: Foul Ball, location: 2F
1-1: Called Strike
1-2: Fielders Choice at 2nd, U4 (Groundball, 4M, EV 91.9 MPH)
Bottom of the 5th over - 0 runs, 1 hit, 0 errors, 1 left on base; Seattle (WIN) 4 - New York (WIN) 1
TOP OF THE 6TH
Seattle (WIN) Mariners batting - Pitching for New York (WIN) Mets : RHP Battista Aldobrandini
Batting: RHB Joe Stading 0-0: Ball
1-0: Ball
2-0: Foul Ball, location: 2F
2-1: Ground out 6-3 (Groundball, 56, EV 81.9 MPH)
Batting: LHB Jerrod Cluck 0-0: Ball
1-0: Called Strike
1-1: Fly out, F2 (Popup, 2R, EV 90.6 MPH)
Batting: LHB Jawad Fahad 0-0: Ball
1-0: Ball
2-0: Ball
3-0: Called Strike
3-1: Fly out, F4 (Line Drive, 4, EV 73.1 MPH)
Top of the 6th over - 0 runs, 0 hits, 0 errors, 0 left on base; Seattle (WIN) 4 - New York (WIN) 1
BOTTOM OF THE 6TH
New York (WIN) Mets batting - Pitching for Seattle (WIN) Mariners : RHP Tom Graham
Batting: SHB David Anzaldua 0-0: Ball
1-0: Swinging Strike
1-1: Swinging Strike
1-2: Ground out 4-3 (Groundball, 4M, EV 86.2 MPH)
Batting: LHB Elmo Dreier 0-0: Ball
1-0: Ball
2-0: Ball
3-0: Called Strike
3-1: Ground out 4-3 (Groundball, 4, EV 83.1 MPH)
Batting: LHB Robbie Beerbower 0-0: Ball
1-0: Ball
2-0: Called Strike
2-1: Foul Ball, location: 2F
2-2: Foul Ball, location: 2F
2-2: Strikes out swinging, 2-3 out at first.
Bottom of the 6th over - 0 runs, 0 hits, 0 errors, 0 left on base; Seattle (WIN) 4 - New York (WIN) 1
TOP OF THE 7TH
Seattle (WIN) Mariners batting - Pitching for New York (WIN) Mets : RHP Battista Aldobrandini
Pitching: RHP Bryan Dorne
Batting: RHB Harutomi Matsubara 0-0: Ball
1-0: Ball
2-0: Ball
3-0: Called Strike
3-1: Foul Ball, location: 2F
3-2: Foul Ball, location: 2F
3-2: Base on Balls
Batting: LHB Ryan Lowe 0-0: Called Strike
0-1: Foul Ball, location: 2F
0-2: Ball
1-2: Strikes out swinging
Batting: RHB Tony Vargas 0-0: Swinging Strike
0-1: Ball
1-1: Ball
2-1: Ball
Harutomi Matsubara steals 2nd base
3-1: Base on Balls
Batting: LHB Caleb Domino 0-0: Swinging Strike
0-1: Foul Ball, location: 2F
0-2: Ball
1-2: Strikes out swinging
Batting: RHB Malik Brookshire 0-0: Called Strike
0-1: Swinging Strike
0-2: DOUBLE (Line Drive, 3D, EV 103.8 MPH)
Harutomi Matsubara scores
Tony Vargas to third
Runner from 3rd tries for Home, throw by RF and OUT! 9-4-2
Top of the 7th over - 1 run, 1 hit, 0 errors, 1 left on base; Seattle (WIN) 5 - New York (WIN) 1
BOTTOM OF THE 7TH
New York (WIN) Mets batting - Pitching for Seattle (WIN) Mariners : RHP Tom Graham
Batting: RHB Hugo Valentin 0-0: Ball
1-0: Called Strike
1-1: Ball
2-1: Ground out 5-3 (Groundball, 5, EV 81.9 MPH)
Pitching: RHP Takaaki Nakada
Batting: LHB Ryan Price 0-0: Ball
1-0: Fly out, F7 (Flyball, 7, EV 90.6 MPH)
Batting: LHB Jonathan Gendron 0-0: Foul Ball, location: 2F
0-1: Called Strike
0-2: Foul Ball, location: 2F
0-2: Strikes out swinging
Bottom of the 7th over - 0 runs, 0 hits, 0 errors, 0 left on base; Seattle (WIN) 5 - New York (WIN) 1
TOP OF THE 8TH
Seattle (WIN) Mariners batting - Pitching for New York (WIN) Mets : RHP Bryan Dorne
Pitching: RHP Matt Bennett
Batting: RHB Rick Ellis 0-0: Swinging Strike
0-1: Swinging Strike
0-2: Ball
1-2: Strikes out swinging
Batting: RHB Joe Stading 0-0: Called Strike
0-1: Ball
1-1: Ball
2-1: Ball
3-1: Foul Ball, location: 2F
3-2: Foul Ball, location: 2F
3-2: Foul Ball, location: 2F
3-2: Foul Ball, location: 2F
3-2: Foul Ball, location: 2F
3-2: Foul Ball, location: 2F
3-2: Fly out, F7 (Line Drive, 78M, EV 111.2 MPH)
Batting: LHB Jerrod Cluck 0-0: Fly out, F8 (Flyball, 8RM, EV 94.4 MPH)
Top of the 8th over - 0 runs, 0 hits, 0 errors, 0 left on base; Seattle (WIN) 5 - New York (WIN) 1
BOTTOM OF THE 8TH
New York (WIN) Mets batting - Pitching for Seattle (WIN) Mariners : RHP Takaaki Nakada
Batting: LHB Jose Chavez 0-0: Ball
1-0: Swinging Strike
1-1: Fly out, F7 (Flyball, 78M, EV 88.1 MPH)
Batting: RHB Josh Jones 0-0: Called Strike
0-1: Ball
1-1: Called Strike
1-2: Ball
2-2: Fly out, F9 (Line Drive, 89D, EV 93.1 MPH)
Batting: RHB David Stayton 0-0: Fly out, F9 (Flyball, 89S, EV 83.8 MPH)
Bottom of the 8th over - 0 runs, 0 hits, 0 errors, 0 left on base; Seattle (WIN) 5 - New York (WIN) 1
TOP OF THE 9TH
Seattle (WIN) Mariners batting - Pitching for New York (WIN) Mets : RHP Matt Bennett
Batting: LHB Jawad Fahad 0-0: Ball
1-0: Swinging Strike
1-1: Ground out 4-3 (Groundball, 34, EV 86.2 MPH)
Batting: RHB Harutomi Matsubara 0-0: SINGLE (Line Drive, 89S, EV 91.9 MPH)
Batting: LHB Ryan Lowe 0-0: Swinging Strike
Pickoff Throw to First - Error! E1
Harutomi Matsubara to second
0-1: DOUBLE (Line Drive, 89D, EV 111.9 MPH)
Harutomi Matsubara scores
Batting: RHB Tony Vargas 0-0: Called Strike
0-1: Foul Ball, location: 2F
0-2: Ball
1-2: Strikes out swinging
Batting: LHB Caleb Domino 0-0: Ball
1-0: Ball
2-0: Called Strike
2-1: Ball
3-1: Called Strike
3-2: Base on Balls
Batting: RHB Malik Brookshire 0-0: Ball
1-0: Ball
2-0: Called Strike
2-1: Ball
3-1: Base on Balls
Ryan Lowe to third
Caleb Domino to second
Batting: RHB Rick Ellis 0-0: Ball
1-0: Swinging Strike
1-1: Swinging Strike
1-2: Foul Ball, location: 2F
1-2: Foul Ball, location: 2F
1-2: Foul Ball, location: 2F
1-2: Foul Ball, location: 2F
1-2: Ball
2-2: Fielders Choice at 2nd, 6-4 (Groundball, 6, EV 87.5 MPH)
Top of the 9th over - 1 run, 2 hits, 1 error, 3 left on base; Seattle (WIN) 6 - New York (WIN) 1
BOTTOM OF THE 9TH
New York (WIN) Mets batting - Pitching for Seattle (WIN) Mariners : RHP Takaaki Nakada
Batting: SHB David Anzaldua 0-0: Called Strike
0-1: Fly out, F8 (Flyball, 8RM, EV 90.0 MPH)
Batting: LHB Elmo Dreier 0-0: Ground out 6-3 (Groundball, P, EV 91.9 MPH)
Batting: LHB Robbie Beerbower 0-0: Called Strike
0-1: Ground out U3 (Groundball, 3S, EV 71.2 MPH)
Bottom of the 9th over - 0 runs, 0 hits, 0 errors, 0 left on base; Seattle (WIN) 6 - New York (WIN) 1
Wednesday, June 22nd , 2022 - OOTP Baseball 23.4 Build 64